Map: Opérations galactiques EC

Players

Snowleopard

  • Race: Protoss Protoss
  • League: Silver
  • Spawn Location: 7:00

zidar - Winner!

  • Race: Zerg Zerg
  • League: Platinum
  • Spawn Location: 1:00

VOD

Have the link to the VOD?

Description

Time

  • Played on: Oct. 12, 2016, 8:10 a.m.
  • Length: 5:34
Show
View Real Time Build Order
Export as new Build Order

Snowleopard Protoss 

Build Orders:  

Get SALT Encoding   

  12  0:01  Probe (Chrono Boost)  
  13  0:11  Probe (Chrono Boost)  
  14  0:17  Pylon  
  14  0:22  Probe (Chrono Boost)  
  15  0:35  Gateway  
  15  0:38  Probe (Chrono Boost)  
  16  0:48  Probe (Chrono Boost)  
  17  0:51  Assimilator  
  17  0:59  Probe (Chrono Boost)  
  18  1:09  Probe (Chrono Boost)  
  19  1:22  Cybernetics Core  
  19  1:24  Zealot  
  21  1:28  Pylon  
  21  1:33  Probe (Chrono Boost)  
  21  1:39  Assimilator  
  22  1:43  Probe (Chrono Boost)  
  24  1:54  Probe (Chrono Boost)  
  24  1:58  Warp Gate (Chrono Boost)  
  24  2:00  Stalker  
  26  2:09  Probe  
  26  2:23  Mothership Core  
  28  2:31  Adept  
  30  2:48  Gateway  
  30  2:50  Gateway  
  30  2:58  Probe  
  31  3:24  Pylon  
  31  3:26  Pylon  
  31  3:46  Forge  
  31  3:47  Stalker  
  31  3:48  Stalker x2  
  24  4:24  Zealot  
  24  4:31  Probe  
  21  4:38  Pylon  
  21  4:41  Pylon  
  21  4:43  Probe  
  22  4:51  Zealot  
  24  4:55  Probe  
  25  5:02  Zealot  
  27  5:08  Nexus  
  27  5:10  Pylon  
Show
View Real Time Build Order
Export as new Build Order

zidar Zerg - Winner!

Build Orders: Pool First 

Get SALT Encoding   

  12  0:02  Drone  
  13  0:12  Overlord  
  13  0:17  Drone  
  14  0:31  Drone x2  
  16  0:44  Spawning Pool  
  16  0:50  Drone  
  16  1:13  Hatchery  
  16  1:15  Drone  
  16  1:18  Extractor  
  15  1:20  Drone  
  16  1:34  Queen  
  16  1:37  Drone  
  19  1:47  Overlord  
  19  2:00  Drone  
  20  2:10  Queen  
  21  2:23  Zergling x6  
  21  2:24  Metabolic Boost  
  24  2:35  Zergling x4  
  26  2:44  Zergling x8  
  27  2:51  Overlord  
  30  3:01  Zergling x4  
  30  3:04  Zergling x2  
  33  3:22  Zergling x6  
  33  3:25  Overlord  
  34  3:58  Zergling x8  
  34  3:59  Zergling x12  
  36  4:24  Zergling x10  
  36  4:44  Zergling x6  
  34  5:11  Zergling x20  
Tags
 
Add a new tag
Caveats
  • Supply blocks, unpowered buildings, or Contaminate may cause inaccurate times.
  • Supply counts are checked every 10 seconds.